 Dungeon Crawl Stone Soup version 0.32-a0-938-g40ac7a0f4d (webtiles) character file.

Game seed: 7979669731960467859

71 horus123 the Magician (level 4, -7/33 HPs)
             Began as a Mountain Dwarf Earth Elementalist on Apr 16, 2024.
             Killed from afar by Ijyb (9 damage)
             ... with a puff of flame
             ... on level 2 of the Dungeon.
             The game lasted 00:04:03 (1731 turns).

horus123 the Magician (MDEE)                        Turns: 1731, Time: 00:04:04

Health: -7/33      AC:  2    Str: 11    XL:     4   Next: 5%
Magic:  4/9        EV: 10    Int: 17    God:
Gold:   120        SH:  0    Dex: 10    Spells: 6/10 levels left

rFire   . . .        l - +1 flail (distort)
rCold   . . .        (no shield)
rNeg    . . .        a - +0 robe
rPois   .            (no helmet)
rElec   .            (no cloak)
rCorr   .            (no gloves)
SInv    .            (no boots)
Will    .....        (no amulet)
Stlth   ++           (no ring)
HPRegen 0.25/turn    (no ring)
MPRegen 0.11/turn

%: no passive effects
@: no status effects
A: runic magic, artefact enchanting
a: no special abilities


You were on level 2 of the Dungeon.
You visited 1 branch of the dungeon, and saw 4 of its levels.

You collected 120 gold pieces.

Inventory:

Hand Weapons
 f - a +0 club
 l - a +1 flail of distortion (weapon)
Armour
 a - a +0 robe (worn)
 e - a +0 ring mail
Scrolls
 h - 2 scrolls of identify {unknown}
 j - a scroll of enchant armour {unknown}
 k - a scroll of enchant weapon {unknown}
 m - a scroll of immolation {unknown}
Potions
 b - a potion of magic
 c - 2 potions of heal wounds {unknown}
 d - 2 potions of curing {unknown}
 g - a potion of mutation {unknown}
 i - 2 potions of berserk rage {unknown}


   Skills:
 - Level 1.3 Dodging
 - Level 1.4 Stealth
 + Level 3.7 Spellcasting
 - Level 0.8 Conjurations
 - Level 3.2 Earth Magic


You had 6 spell levels left.
You knew the following spells:

 Your Spells              Type           Power      Damage    Failure   Level
a - Sandblast             Erth           28%        2d8       4%          1
b - Stone Arrow           Conj/Erth      20%        3d8       21%         3

Your spell library contained the following spells:

 Spells                   Type           Power      Damage    Failure   Level
 Passwall                 Erth           14%        N/A       13%         3
 Freeze                   Ice            12%        1d3       16%         1
 Hailstorm                Conj/Ice       4%         3d5       38%         3
 Frozen Ramparts          Ice            6%         1d1       43%         3
 Brom's Barrelling Bould  Conj/Erth      10%        2d3       56%         4
 Petrify                  Alch/Erth      8%         N/A       63%         4


Dungeon Overview and Level Annotations

Branches:
Dungeon (4/15)
 Temple: D:4-7

Altars:

Annotations:
D:2 Ijyb


Innate Abilities, Weirdness & Mutations

Your spellcasting is much less encumbered by armour.
You can use scrolls of enchantment on lesser artefacts.


Message History

You kill the goblin!
The goblin shoots a sling bullet.
The sling bullet hits you.
You have reached level 4!
You feel stronger.
The blast of sand hits the goblin!
You kill the goblin!
HP restored.
The goblin shouts!
You hear a shout!
The blast of sand hits the goblin.
You kill the goblin!
The goblin shouts!
The blast of sand hits Ijyb but does no damage.
Ijyb zaps a wand.
The puff of flame hits you!
The blast of sand hits Ijyb.
Ijyb is lightly wounded.
Ijyb closely misses you.
The blast of sand hits Ijyb but does no damage.
Ijyb is lightly wounded.
Ijyb zaps a wand.
The puff of flame hits you!
Ijyb zaps a wand.
The puff of flame hits you!
* * * LOW HITPOINT WARNING * * *
You are too injured to fight recklessly!
Unknown command.
Aiming: Sandblast (safe; 4% risk of failure)
Press: ? - help, Q - select action Shift-Dir - straight line, f/p - Ijyb
Aim: Ijyb, wielding a +0 club, wearing a +0 chain mail and carrying a wand of flame (lightly wounded, 82% to hit)
The blast of sand hits Ijyb!
Ijyb is heavily wounded.
The goblin hits you but does no damage. x2; Ijyb barely misses you.
Aiming: Sandblast (safe; 4% risk of failure)
Press: ? - help, Q - select action Shift-Dir - straight line, f/p - Ijyb
Aim: Ijyb, wielding a +0 club, wearing a +0 chain mail and carrying a wand of flame (heavily wounded, 82% to hit)
The blast of sand hits Ijyb but does no damage.
Ijyb is heavily wounded.
The goblin closely misses you. The goblin hits you with a +0 dagger.
* * * LOW HITPOINT WARNING * * *
Ijyb screams, "They call me mad!"
Ijyb zaps a wand.
The puff of flame hits you!
You die...
Ijyb moans, "Good help so hard to find!"

##########
######........#
#.............#
#.............# ..
####.............###.....
.................g.......
#........).....#@###.....
#......).......#gg.....$#
#...........÷..##..!....#
.....####......##ß.....ß#
####.#.........##.......#
#.#.....#...###.?...##
#.#.....#...# ......#
#.##...##...# .....##
#.##.#.##...# g.g...


You could see Ijyb and 2 goblins.

Vanquished Creatures
  An adder (D:3)
  A dart slug (D:3)
  A ribbon worm (D:2)
  3 ball pythons
  5 endoplasms
  A giant cockroach (D:1)
  6 goblins
  4 hobgoblins
  13 jackals
  5 bats
  2 frilled lizards
  3 kobolds
  3 rats
48 creatures vanquished.

Notes
Turn   | Place    | Note
-------+----------+-------------------------------------------
     0 | D:1      | horus123 the Mountain Dwarf Earth Elementalist began the
                  | quest for the Orb.
     0 | D:1      | Reached XP level 1. HP: 14/14 MP: 3/3
   121 | D:1      | Found a faded altar of an unknown god.
   539 | D:1      | Reached XP level 2. HP: 20/20 MP: 3/5
  1019 | D:1      | Reached XP level 3. HP: 26/26 MP: 5/7
  1049 | D:1      | Learned a level 3 spell: Stone Arrow
  1277 | D:2      | Noticed Ijyb
  1282 | D:2      | You fall into a shaft and drop 2 floors!
  1690 | D:2      | Reached XP level 4. HP: 27/33 MP: 7/9
  1731 | D:2      | Killed from afar by Ijyb

Illustrated notes

Levels and vault maps discovered:
D:1:      psy_arrival_heroes, layout_basic, nicolae_ecumenical_lake_church,
          hex_large
D:2:      kennysheep_the_goblin_king, layout_basic
D:3:      layout_rooms
D:4:      layout_gridville, serial_shops, shop, minmay_misc_feat_tiny,
          minmay_misc_feat_enclosed, uniq_menkaure

Skill      XL: |  1  2 |
---------------+-------+-----
Spellcasting   | 2 3 |  3.7
Dodging        | |  1.3
Stealth        | |  1.4
Conjurations   | |  0.8
Earth Magic    | |  3.2

Action                     |  1- 3 |  4- 6 || total
---------------------------+-------+-------++-------
  Melee: Club              |     6 |       ||     6
         Unarmed           |     4 |       ||     4
   Cast: Sandblast         |    64 |     7 ||    71
 Armour: Robe              |    32 |     7 ||    39
  Dodge: Dodged            |    22 |     3 ||    25

Table legend: (Time is in decaauts)
 A = Elapsed time spent in this place.
 B = Non-inter-level travel time spent in this place.
 C = Inter-level travel time spent in this place.
 D = Time resting spent in this place.
 E = Time spent auto-exploring this place.
 F = Levels seen in this place.
 G = Mean time per level.
                   A        B        C        D        E       F      G
               +--------+--------+--------+--------+--------+-----+--------+
         Total |   1765 |   1705 |     60 |     21 |   1359 |   4 |  441.2 |
       Dungeon |   1765 |   1705 |     60 |     21 |   1359 |   4 |  441.2 |
               +--------+--------+--------+--------+--------+-----+--------+

Top non-repeatable levels by time:
     D:1: 1126 daAuts
     D:2: 274 daAuts
     D:4: 188 daAuts
     D:3: 176 daAuts
